Map: Frozen Temple

Players

Fmtc

  • Race: Zerg Zerg
  • League: Master

Miszu - Winner!

  • Race: Terran Terran
  • League: Master

VOD

Have the link to the VOD?

Description

Time

  • Played on: March 30, 2016, 4:19 p.m.
  • Length: 3:15
Show
View Real Time Build Order
Export as new Build Order

Fmtc Zerg 

Build Orders: Hatch First 

Get SALT Encoding   

  12  0:01  Drone  
  13  0:12  Overlord  
  13  0:18  Drone  
  14  0:23  Extractor  
  14  0:24  Drone  
  15  0:31  Drone  
  15  0:34  Drone  
  17  0:54  Hatchery  
  17  0:56  Drone  
  17  1:01  Extractor  
  16  1:04  Drone  
  17  1:16  Spawning Pool  
  16  1:20  Drone  
  16  1:24  Drone  
  18  1:30  Drone  
  19  1:39  Overlord  
  19  2:03  Queen  
  19  2:04  Zergling x2  
  19  2:05  Zergling x2  
  19  2:06  Queen  
  25  2:12  Zergling x2  
  25  2:13  Zergling x2  
  26  2:18  Zergling x2  
  27  2:36  Zergling x2  
  23  2:52  Zergling x2  
Show
View Real Time Build Order
Export as new Build Order

Miszu Terran - Winner!

Build Orders:  

Get SALT Encoding   

  12  0:01  SCV  
  13  0:13  SCV  
  14  0:19  Supply Depot  
  14  0:26  SCV  
  15  0:43  Barracks  
  15  0:52  Barracks  
  15  1:04  Barracks  
  15  1:30  Marine, Barracks  
  16  1:39  Marine  
  17  1:41  Supply Depot  
  17  1:47  Marine  
  17  1:51  Marine  
  19  1:56  Marine  
  20  2:05  Marine  
  21  2:09  Marine  
  21  2:14  Marine  
  23  2:23  Marine x2  
  23  2:27  Marine  
  26  2:32  Marine  
  27  2:41  Marine x2  
  29  2:45  Marine  
  29  2:50  Marine  
  30  3:14  Supply Depot  
Tags
 
Add a new tag
Caveats
  • Supply blocks, unpowered buildings, or Contaminate may cause inaccurate times.
  • Supply counts are checked every 10 seconds.